[Event "1st Bella Italia International 2022"]
[Site "Lignano"]
[Date "2022.08.18"]
[Round "3.15"]
[White "Arana Garate, Jon"]
[Black "Urbani, Gabriel"]
[Result "0-1"]
[ECO "D00"]
[WhiteElo "1933"]
[BlackElo "2046"]
[Annotator "NA RC"]
[PlyCount "51"]
[EventDate "2022.08.18"]
[EventCountry "ITA"]
[SourceTitle "playchess.com"]
[Source "ChessBase"]
[SourceQuality "1"]
[TimeControl "5400+30"]

1. d4 d5 2. Bf4 Nf6 3. e3 c5 4. c3 Qb6 5. Qb3 c4 6. Qc2 Nc6 7. Nd2 Bg4 8. e4 e6 9. exd5 exd5 10. Be2 Bxe2 11. Nxe2 Ne7 12. O-O Ng6 13. Be5 Be7 14. Nf3 O-O 15. Ng3 Rfe8 16. Rfe1 Bf8 17. Bxf6 Qxf6 18. Kf1 Nf4 19. Ne5 Bd6 20. Ng4 Qh4 21. f3 Nd3 22. Rxe8+ Rxe8 23. Nf2 Qxh2 24. Nf5 Nf4 25. Nh4 Qxh4 26. g3 0-1

[Event "1st Bella Italia International 2022"]
[Site "Lignano"]
[Date "2022.08.18"]
[Round "3.16"]
[White "Seres, Bela"]
[Black "Sala, Giulia"]
[Result "1-0"]
[ECO "A25"]
[WhiteElo "2207"]
[BlackElo "1958"]
[Annotator "NA RC"]
[PlyCount "55"]
[EventDate "2022.08.18"]
[EventCountry "ITA"]
[SourceTitle "playchess.com"]
[Source "ChessBase"]
[SourceQuality "1"]
[TimeControl "5400+30"]

1. c4 Nf6 2. Nc3 g6 3. g3 Bg7 4. Bg2 O-O 5. d3 Nc6 6. Rb1 d6 7. b4 e5 8. e3 Nd7 9. Nge2 f5 10. O-O g5 11. Nd5 Nf6 12. f4 exf4 13. exf4 g4 14. Bb2 Ne7 15. Nxf6+ Bxf6 16. Bxf6 Rxf6 17. d4 d5 18. c5 b6 19. Re1 bxc5 20. dxc5 c6 21. Nd4 a5 22. b5 cxb5 23. Rxe7 Qxe7 24. Bxd5+ Be6 25. Bxa8 Bc4 26. Nxb5 Qe3+ 27. Kh1 Be2 28. Qd4 1-0

[Event "1st Bella Italia International 2022"]
[Site "Lignano"]
[Date "2022.08.18"]
[Round "3.17"]
[White "Olmo Vega, Diego"]
[Black "Massironi, Marco"]
[Result "0-1"]
[ECO "D76"]
[WhiteElo "2035"]
[BlackElo "2200"]
[Annotator "NA RC"]
[PlyCount "108"]
[EventDate "2022.08.18"]
[EventCountry "ITA"]
[SourceTitle "playchess.com"]
[Source "ChessBase"]
[SourceQuality "1"]
[TimeControl "5400+30"]

1. Nf3 Nf6 2. g3 g6 3. Bg2 Bg7 4. O-O O-O 5. c4 d5 6. cxd5 Nxd5 7. d4 Nb6 8. Nc3 Nc6 9. d5 Na5 10. e4 c6 11. dxc6 Nxc6 12. Nd5 Nxd5 13. Qxd5 Be6 14. Qb5 Na5 15. Bd2 Nc4 16. Bc3 Nd6 17. Qa4 b5 18. Qa3 Nc4 19. Qb4 a5 20. Qxb5 Rb8 21. Qc5 Rc8 22. Qg5 h6 23. Qb5 Bd7 24. Qd5 e6 25. Qb7 Nd6 26. Qb3 Bxc3 27. bxc3 Nxe4 28. c4 Qc7 29. Rac1 Nc5 30. Qe3 Kg7 31. Ne5 h5 32. Rfd1 Be8 33. Rd4 f6 34. Nf3 e5 35. Rd2 Bf7 36. Nh4 Rfd8 37. Bd5 Ne6 38. Rcd1 Nd4 39. f4 Bxd5 40. cxd5 Rxd5 41. fxe5 Qxe5 42. Kf2 Qxe3+ 43. Kxe3 Nc2+ 44. Kf2 Rxd2+ 45. Rxd2 Nb4 46. Rd7+ Kh6 47. a3 Rc2+ 48. Kg1 Nc6 49. Rd6 Kg5 50. Nf3+ Kh6 51. Rxf6 Kg7 52. Re6 Rc3 53. Kf2 Rxf3+ 54. Kg2 Rc3 0-1

[Event "1st Bella Italia International 2022"]
[Site "Lignano"]
[Date "2022.08.18"]
[Round "3.18"]
[White "Marson, Roy"]
[Black "Etxagibel Larranaga, Asier"]
[Result "0-1"]
[ECO "D93"]
[WhiteElo "1959"]
[BlackElo "2118"]
[Annotator "NA RC"]
[PlyCount "103"]
[EventDate "2022.08.18"]
[EventCountry "ITA"]
[SourceTitle "playchess.com"]
[Source "ChessBase"]
[SourceQuality "1"]
[TimeControl "5400+30"]

1. e4 c6 2. d4 d5 3. exd5 cxd5 4. c4 Nf6 5. Nc3 g6 6. Nf3 Bg7 7. Bf4 O-O 8. Be2 b6 9. O-O Bb7 10. a3 Nbd7 11. Ne5 dxc4 12. Nxc4 Rc8 13. Re1 Nd5 14. Nxd5 Bxd5 15. Ne3 Bb7 16. Qa4 a6 17. Rac1 Nb8 18. Be5 b5 19. Qb3 Rxc1 20. Rxc1 Bxe5 21. dxe5 Nc6 22. Qc3 Qd4 23. Bf3 Rc8 24. Bxc6 Qxc3 25. Rxc3 Rxc6 26. Rxc6 Bxc6 27. Kf1 f6 28. exf6 exf6 29. Ke2 Kf7 30. Kd3 Ke6 31. Kd4 Kd6 32. f4 h5 33. g3 a5 34. b4 axb4 35. axb4 Bf3 36. Nc2 Be2 37. Na3 Bf1 38. Nb1 g5 39. Nc3 Ke6 40. fxg5 fxg5 41. Ne4 Kf5 42. Nd6+ Kg4 43. Nf7 Kh3 44. Ke3 Kxh2 45. Kf2 g4 46. Ne5 Bg2 47. Ng6 Be4 48. Ne5 Bf5 49. Nf7 h4 50. gxh4 g3+ 51. Ke3 g2 52. Kd4 0-1

[Event "1st Bella Italia International 2022"]
[Site "Lignano"]
[Date "2022.08.18"]
[Round "3.19"]
[White "Montorsi, Matteo"]
[Black "Cristiani, Cesare"]
[Result "1/2-1/2"]
[ECO "C07"]
[WhiteElo "2100"]
[BlackElo "2006"]
[Annotator "NA RC"]
[PlyCount "129"]
[EventDate "2022.08.18"]
[EventCountry "ITA"]
[SourceTitle "playchess.com"]
[Source "ChessBase"]
[SourceQuality "1"]
[TimeControl "5400+30"]

1. e4 e6 2. d4 d5 3. Nd2 c5 4. exd5 Qxd5 5. Ngf3 cxd4 6. Bc4 Qd6 7. O-O Nf6 8. Nb3 Nc6 9. Nbxd4 Nxd4 10. Nxd4 a6 11. Re1 Be7 12. c3 O-O 13. Qf3 Qc7 14. Bd3 Re8 15. Bf4 Bd6 16. Bxd6 Qxd6 17. Rad1 Qc7 18. Qg3 Qxg3 19. hxg3 Bd7 20. Be2 Rad8 21. Nb3 Ba4 22. Bf3 b6 23. Rd4 Bxb3 24. Rxd8 Rxd8 25. axb3 a5 26. Re5 Rd6 27. Rb5 Ne8 28. Re5 Nf6 29. Kf1 Kf8 30. Ke2 Ke7 31. Rb5 Nd7 32. b4 axb4 33. Rxb4 Ne5 34. Be4 f5 35. Bc2 g5 36. Ra4 h6 37. f4 Ng6 38. Ke3 gxf4+ 39. gxf4 Nh4 40. g3 Ng6 41. Ra1 Kf6 42. Rh1 Kg7 43. c4 Ne7 44. Ba4 Ng8 45. Bd1 Nf6 46. Bf3 Nd7 47. b4 e5 48. Bd5 b5 49. fxe5 Nxe5 50. Kd4 Nxc4 51. Kc5 Rg6 52. Bxc4 bxc4 53. Kxc4 Rxg3 54. b5 Rg2 55. Kc3 Rg6 56. Kd4 Rb6 57. Kc5 Rb8 58. Kc6 Kg6 59. b6 f4 60. Kc7 Rf8 61. b7 Kg5 62. b8=Q Rxb8 63. Kxb8 f3 64. Rh3 Kg4 65. Rxh6 1/2-1/2

[Event "1st Bella Italia International 2022"]
[Site "Lignano"]
[Date "2022.08.18"]
[Round "3.20"]
[White "Olabe Odriozola, Eduardo"]
[Black "Colonetti, Fabio"]
[Result "1-0"]
[ECO "B23"]
[WhiteElo "1946"]
[BlackElo "2152"]
[Annotator "NA RC"]
[PlyCount "81"]
[EventDate "2022.08.18"]
[EventCountry "ITA"]
[SourceTitle "playchess.com"]
[Source "ChessBase"]
[SourceQuality "1"]
[TimeControl "5400+30"]

1. e4 c5 2. Nc3 d6 3. Bc4 Nc6 4. d3 g6 5. Bg5 Bg7 6. f4 Nd4 7. a4 Qa5 8. Nge2 Nxe2 9. Qxe2 Bxc3+ 10. bxc3 Qxc3+ 11. Kf2 h6 12. Bh4 Nf6 13. Rhe1 Qd4+ 14. Kf1 Ng4 15. Bg3 h5 16. f5 Bd7 17. Rab1 b6 18. h3 Nh6 19. Qf3 O-O 20. Bf4 Kh7 21. Be3 Qg7 22. Kg1 Bxa4 23. Re2 Bc6 24. Rf1 Nxf5 25. Ref2 Nxe3 26. Qxe3 f6 27. g4 Bd7 28. gxh5 gxh5+ 29. Rg2 Qh6 30. Qg3 h4 31. Qf3 e6 32. Kh1 f5 33. Rfg1 Rg8 34. exf5 Rxg2 35. Qxg2 d5 36. fxe6 Bxe6 37. Bxd5 Bxd5 38. Qxd5 Rf8 39. Rg5 Rf1+ 40. Kg2 Qf6 41. Qe4+ 1-0

[Event "1st Bella Italia International 2022"]
[Site "Lignano"]
[Date "2022.08.19"]
[Round "4.1"]
[White "Lumachi, Gabriele"]
[Black "Sonis, Francesco"]
[Result "1/2-1/2"]
[ECO "D37"]
[WhiteElo "2355"]
[BlackElo "2543"]
[Annotator "TA"]
[PlyCount "108"]
[EventDate "2022.08.18"]
[EventCountry "ITA"]
[SourceTitle "playchess.com"]
[Source "ChessBase"]
[SourceQuality "1"]
[TimeControl "5400+30"]

1. d4 e6 2. c4 a6 3. Nc3 d5 4. cxd5 exd5 5. Nf3 Nf6 6. Bg5 {[%emt 0:00:09] D37: Queen's Gambit Declined: 5 Bf4.} Be6 7. Bxf6 Qxf6 8. Qb3 Ra7 9. a3 ({Much less strong is} 9. Nxd5 Qd8 10. e4 c6 $16) 9... Qd8 10. Qc2 Nd7 11. e4 dxe4 12. Nxe4 Be7 {[%emt 0:02:16] Inhibits Neg5.} 13. Bc4 Bxc4 14. Qxc4 O-O 15. O-O {[%emt 0:01:38] [#]} Nb6 $146 ({Predecessor:} 15... Nf6 16. Nc3 c6 17. Rfe1 Ra8 18. Re2 Bd6 19. Rae1 Qc7 20. Ne5 Rad8 21. b4 Qb6 {1-0 (46) Horvath,D (2453)-Costa,L (2069) Cattolica 2021}) 16. Qc2 a5 17. Rfe1 c6 18. Nc5 Nd5 19. Ne5 Nf6 {[%emt 0:09:14] Prevents Ncd7.} 20. Rad1 Bd6 21. Qf5 Qc8 22. Qf3 Qc7 23. h4 Raa8 24. Nc4 Rfd8 25. h5 h6 26. g3 Bf8 27. Ne4 Nd5 28. Kg2 Re8 29. Ne3 Nxe3+ 30. Rxe3 Rad8 31. Nc3 Rxe3 32. fxe3 Qb6 33. Rd2 Qb3 34. Rf2 Qe6 35. Qf5 Qxf5 36. Rxf5 $11 {[%emt 0:00:06][%mdl 4096] Endgame KRB-KRN} b6 37. Kf3 Be7 38. Ke4 g6 {[%emt 0:03:09] The position is equal.} 39. hxg6 fxg6 40. Rf1 h5 41. d5 cxd5+ 42. Nxd5 Bd6 43. Rf3 b5 44. Nf4 Kh7 45. Ne6 {[%emt 0:00:14] Inhibits Rf8.} Rd7 46. Nf8+ Bxf8 47. Rxf8 {[%emt 0:00:04] KR-KR} Rd2 48. b3 Rb2 49. Ra8 Rxb3 50. Rxa5 Kg7 51. Ra6 g5 52. Kf5 Rxe3 53. Kxg5 Rxg3+ 54. Kxh5 Kf7 {[%emt 0:00:04] Weighted Error Value: White=0.04 (flawless) /Black=0.04 (flawless)} 1/2-1/2

[Event "1st Bella Italia International 2022"]
[Site "Lignano"]
[Date "2022.08.19"]
[Round "4.2"]
[White "Visakh N R"]
[Black "Priyanka Nutakki"]
[Result "1-0"]
[ECO "D08"]
[WhiteElo "2503"]
[BlackElo "2308"]
[Annotator "TA"]
[PlyCount "101"]
[EventDate "2022.08.18"]
[EventCountry "ITA"]
[SourceTitle "playchess.com"]
[Source "ChessBase"]
[SourceQuality "1"]
[TimeControl "5400+30"]

1. d4 d5 2. c4 e5 3. dxe5 d4 4. Nf3 Nc6 5. a3 Bg4 6. Bf4 Nge7 {[%emt 0:02:31] D08: Albin Counter Gambit.} 7. h3 Bxf3 {[%emt 0:01:16] [#]} 8. gxf3 $146 ({Predecessor:} 8. exf3 Ng6 9. Bh2 a5 10. f4 Be7 11. Bd3 O-O 12. O-O Bc5 13. Nd2 b6 14. Re1 {1-0 (25) Leenhouts,K (2443)-Kozelov,R (2163) Chess.com INT 2019}) 8... Ng6 {[%emt 0:00:20][%csl LRe5,LRf4] The position is equal.} 9. Bg3 {[%emt 0:00:03] Threatens to win with f4.} Ngxe5 10. Qb3 Rb8 11. Nd2 Be7 12. f4 Nd7 13. Qf3 a5 14. h4 (14. O-O-O {might be stronger.}) 14... Nc5 15. Bh3 (15. Nb3 $11) 15... d3 $15 (15... Bxh4 $2 16. Bxh4 Qd6 17. b4 axb4 18. axb4 Nxb4 19. Ne4 $18) 16. e3 {[%emt 0:01:38] Inhibits Nd4.} Bf6 (16... Bxh4 $2 17. Bxh4 Qd6 18. Ne4 d2+ 19. Nxd2 $18) 17. Rb1 O-O (17... Bxh4 $2 18. Bxh4 Qd6 19. b4 axb4 20. axb4 Nxb4 21. Rxb4 $18) 18. Kf1 Re8 (18... Bxh4 $2 19. Bxh4 Ne7 20. Qh5 $18) 19. h5 h6 (19... a4 $17 20. h6 g6) 20. Kg2 Na4 (20... Qe7 $15) 21. Qd5 $11 Nb6 (21... Nxb2 $15 22. Qb5 Na7) 22. Qf5 $14 a4 23. Rhd1 Ne7 24. Qg4 Nxc4 25. Nxc4 Qd5+ 26. Qf3 Qxc4 27. e4 $1 Bd4 (27... Nc6 $16) 28. Qxd3 (28. Rbc1 $18 Qb5 29. Rxc7 (29. Qxd3 Qxd3 30. Rxd3 c5 $14) (29. Rxd3 c5 $14)) 28... Qxd3 $11 29. Rxd3 Nc6 30. e5 Rbd8 31. Bf5 Na5 32. Bh4 f6 (32... Rd5 $16 {was called for.}) 33. Bg6 Re6 34. Kh1 c5 (34... Kf8 $16) 35. Bf5 Rb6 36. Rg1 {[%emt 0:00:14] Strongly threatening exf6.} Kf8 $2 (36... Rf8) 37. exf6 (37. Rdg3 $142 g5 38. hxg6 (38. fxg5 fxg5 39. Rf3 Bxe5 $17)) 37... gxf6 $18 38. Rdg3 {[%emt 0:00:01] And now Rg8+ would win.} Ke7 39. Re1+ Kf7 40. Rg6 $36 {[%emt 0:00:37][%mdl 2048] Black is under strong pressure.} Rh8 41. Be4 {[%emt 0:02:03] White is more active. This bishop pair is nice.} (41. Reg1 $16 {aiming for Rg7+.} Ke7 42. Rg7+ Kd6 43. Rd7+ Kc6 44. Rg6 Bxb2 45. Bxf6 Bxf6 46. Rxf6+ Kb5 47. Bd3+ c4 48. Rd5+ Ka6 49. Rff5 $1) 41... Rd6 $14 42. Reg1 Bxb2 {[%emt 0:00:58] [#]} ({Black should try} 42... Ke8 $14) 43. Rg7+ $1 $16 Kf8 $2 {[%emt 0:00:30][%mdl 8192] This costs Black the game.} (43... Ke8 $16 {is more resistant.}) 44. Rc7 $18 {[%emt 0:00:11] Rc8+ is the strong threat.} f5 45. Be7+ {[%emt 0:00:32][%mdl 64] Skewer, Double Attack} Ke8 46. Bxf5 Rc6 47. Bg6+ Rxg6 48. hxg6 {[%emt 0:00:19][%cal Bh5g6,Bg6g7][%mdl 32] White threatens Re1 and mate.} c4 49. g7 Rg8 50. Rc8+ Kf7 51. Rf8+ {[%emt 0:00:01] Weighted Error Value: White=0.21 (precise) /Black=0.76} 1-0

[Event "1st Bella Italia International 2022"]
[Site "Lignano"]
[Date "2022.08.19"]
[Round "4.3"]
[White "Loiacono, Leonardo"]
[Black "Ghosh, Diptayan"]
[Result "1/2-1/2"]
[ECO "E33"]
[WhiteElo "2291"]
[BlackElo "2538"]
[Annotator "TA"]
[PlyCount "135"]
[EventDate "2022.08.18"]
[EventCountry "ITA"]
[SourceTitle "playchess.com"]
[Source "ChessBase"]
[SourceQuality "1"]
[TimeControl "5400+30"]

1. d4 Nf6 2. c4 e6 3. Nc3 Bb4 4. Qc2 d6 5. Nf3 Nc6 6. Bd2 O-O 7. a3 Bxc3 8. Bxc3 Qe7 9. b4 e5 10. dxe5 {[%emt 0:01:42] E33: Nimzo-Indian: Classical: 4...Nc6.} Nxe5 11. Nxe5 dxe5 12. e3 {[%emt 0:00:15] White has an edge.} b6 13. Be2 Bb7 14. f3 {[%emt 0:02:01] [#]} Nh5 $146 (14... e4 $5 ) ({Predecessor:} 14... Nd7 15. O-O Rfd8 16. Rad1 Qg5 17. Bd2 c5 18. Bd3 Qh6 19. Bf5 cxb4 20. axb4 Nf8 {½-½ (32) Lorscheid,G (2348)-Heinemann,T (2485) Nuremberg 2008}) 15. Qf5 Qh4+ 16. Kd2 Rad8+ (16... Rae8 $11) 17. Kc2 $14 Bc8 $1 (17... Qf2 18. Rae1 $16) 18. Qe4 (18. Qxe5 $14 Rde8 19. Qd4 (19. Qxc7 $2 Rxe3 20. Rhe1 Bf5+ 21. Kb3 Rc8 $19)) 18... Qxe4+ (18... Qf2 $15 19. Rae1 Rfe8) 19. fxe4 $11 Nf6 20. Bxe5 Nxe4 21. Rhd1 {[%emt 0:00:50] Against Rd2+} Bf5 {[%emt 0:02:08] Strongly threatening ...Nf2+.} 22. Kb3 Rde8 23. Bxc7 Nf2 24. Rd2 Rxe3+ 25. Kb2 Rc8 $36 {[%emt 0:06:39][%mdl 2048] Black is pushing.} 26. Bf1 Ne4 27. Rd8+ (27. Rdd1 $11 {keeps the balance.} Nf2 28. Rd2) 27... Rxd8 $17 28. Bxd8 Nd2 $1 29. Rd1 Rb3+ $1 30. Ka2 ({Avoid the trap} 30. Kc1 $2 Nxf1 31. Rxf1 Rb1+ 32. Kd2 Rxf1 $19) 30... Bb1+ 31. Ka1 Rxa3+ 32. Kb2 Rb3+ 33. Ka1 Nxf1 34. c5 $2 (34. Rxf1 $17 Be4 35. Ka2 Rxb4 36. Rc1) 34... bxc5 $2 35. Rxf1 $19 {[%emt 0:02:19][%mdl 4096] Endgame KRB-KRB} Be4 ({Resist} 35... cxb4 36. Rxb1 Ra3+ 37. Kb2 $14) 36. bxc5 Bxg2 37. Rg1 Be4 38. Bf6 Bg6 39. Bd4 (39. Ka2 $17 Rb5 40. Bd4) 39... Rb4 40. Be3 Re4 41. Re1 f6 42. Kb2 Kf7 43. Kc3 Ke6 44. Kd2 Ra4 {[%emt 0:02:14] Inhibits Ra1.} 45. Bf4+ Kd5 46. Bd6 Be4 47. Kc3 a5 48. Rd1+ Ke6 49. Bf8 g5 50. Rd8 (50. Bg7 $142) 50... Ra2 $2 (50... Ra3+ $19 51. Kc4 Ra2) 51. Bd6 $2 (51. Re8+ $1 $11 Kd5 52. Rxe4 Ra3+ 53. Kb2) 51... Kf5 52. Rf8 h5 53. Be7 Rxh2 {[%emt 0:00:29] ...h4 is the strong threat.} 54. Bxf6 Rg2 (54... g4 $19 {Hoping for ...g3.} 55. Bd8+ Kg6) 55. Kd4 (55. Bd8+ $17 Kg4 56. Rg8) 55... Bc6 56. Be5+ (56. Bd8+ $17 Kg4 57. Bxa5) 56... Kg4 57. Rf6 Bf3 (57... Rd2+ 58. Ke3 Rd5 59. Bd4 $17) 58. c6 {[%emt 0:01:06][%cal Of6f3,Bc5c6,Bc6c7][%mdl 32] [#]} Rd2+ $1 ({Stronger than} 58... Rc2 59. c7 $11) 59. Kc3 {[%emt 0:00:16] [#]} Rd8 (59... Re2 $1 $19 60. Bc7 a4) 60. c7 $1 $11 {[%emt 0:00:40] The position is equal.} Rc8 61. Kd4 a4 62. Rb6 {[%emt 0:01:14] aiming for Rb8.} a3 63. Ra6 Re8 64. Rxa3 {[%emt 0:00:14] Threatens to win with Rb3.} Bb7 65. Rb3 Bc8 66. Rg3+ Kf5 67. Rf3+ Ke6 68. Ke4 $2 {[%emt 0:23:04][%mdl 40960] Weighted Error Value: White=0.42/Black=0.31. An unexpected result.} (68. Rf6+ $11 Kd7 69. Rg6) 1/2-1/2

[Event "1st Bella Italia International 2022"]
[Site "Lignano"]
[Date "2022.08.19"]
[Round "4.4"]
[White "Karthik Venkataraman"]
[Black "Zeller, Frank"]
[Result "1-0"]
[ECO "E11"]
[WhiteElo "2483"]
[BlackElo "2356"]
[Annotator "TA"]
[PlyCount "95"]
[EventDate "2022.08.18"]
[EventCountry "ITA"]
[SourceTitle "playchess.com"]
[Source "ChessBase"]
[SourceQuality "1"]
[TimeControl "5400+30"]

1. Nf3 Nf6 2. d4 d5 3. c4 e6 4. g3 Bb4+ 5. Bd2 Be7 6. Bg2 O-O 7. Qc2 Nbd7 8. O-O c6 9. Rd1 b6 10. b3 Bb7 {[%emt 0:01:51] E11: Bogo-Indian.} 11. a4 Rc8 {[%emt 0:03:50] [#]} 12. Na3 $146 ({Predecessor:} 12. a5 c5 13. axb6 axb6 14. Ra7 Bc6 15. Bf4 Ra8 16. Rxa8 Qxa8 17. Ne5 Nxe5 18. dxe5 {½-½ (50) Kazakovskiy,V (2430)-Grigoriants,S (2563) Tallinn 2016}) 12... Bd6 {[%emt 0:25:36] Black is slightly better.} 13. Qb2 Qe7 14. b4 e5 (14... Bb8 $11) 15. cxd5 $16 cxd5 16. Nb5 Bb8 17. dxe5 Nxe5 18. Bc3 $1 Nc4 (18... Nfg4 $14) 19. Bxf6 Qxf6 20. Qxf6 gxf6 21. Bh3 Rcd8 22. Rab1 Rfe8 23. Nfd4 a6 24. Nc3 Be5 25. Bg4 Re7 26. Rb3 (26. b5 $16) 26... Rc7 $14 27. Bf3 a5 (27... Bxd4 $14 28. Rxd4 Ne5) 28. Ncb5 Rcc8 29. Na7 Rc7 30. bxa5 bxa5 31. Nab5 Rc5 32. e3 ({White should play} 32. Bg4 $16) 32... Ba6 33. h4 Rb8 (33... Bxb5 $14 34. Rxb5 Rxb5 35. axb5 (35. Nxb5 Nb2 $14) 35... Bxd4 36. Rxd4 Nb6) 34. Rc1 Rd8 35. h5 h6 36. Rbb1 Bc8 37. Nb3 {[%emt 0:08:37] Pair of Knights!} Rc6 38. Rd1 Be6 39. N3d4 (39. e4 $5 Rcc8 40. Na7 $14) 39... Rcc8 40. Be2 Kf8 41. Kg2 Rd7 (41... Bd7 $11 {keeps the balance.}) 42. Bd3 (42. e4 $16) 42... Nb6 (42... Rdd8 $14) 43. Ra1 {[%emt 0:01:35] White is more active.} (43. Nxe6+ $16 fxe6 44. f4) 43... Rc5 $2 {[%emt 0:01:34] [#] Loses the game.} (43... Rb7 $14) 44. f4 $1 $18 Bg4 45. fxe5 {[%emt 0:00:52] Black must now prevent Rdc1.} fxe5 46. Nb3 Rc6 (46... Rc8 $142 47. Re1 (47. Nxa5 e4 $16) 47... Ra8) 47. Nxa5 Re6 48. Rd2 {[%emt 0:00:35] Weighted Error Value: White=0.14 (very precise) /Black=0.37} 1-0

[Event "1st Bella Italia International 2022"]
[Site "Lignano"]
[Date "2022.08.19"]
[Round "4.5"]
[White "Das, Sayantan"]
[Black "Aaron, Deepak"]
[Result "0-1"]
[ECO "C11"]
[WhiteElo "2449"]
[BlackElo "2221"]
[Annotator "TA"]
[PlyCount "122"]
[EventDate "2022.08.18"]
[EventCountry "ITA"]
[SourceTitle "playchess.com"]
[Source "ChessBase"]
[SourceQuality "1"]
[TimeControl "5400+30"]

1. e4 e6 2. d4 d5 3. Nc3 Nf6 4. e5 Nfd7 5. f4 c5 6. Nf3 Nc6 7. Be3 Be7 8. Qd2 O-O 9. dxc5 Qa5 {[%emt 0:00:18] C11: French: Classical System: 4 e5 and 4 Bg5 dxe4.} 10. a3 a6 {[%emt 0:00:10] Against Bb5} 11. Bd3 {[%emt 0:07:16] [#]} Nxc5 $146 {[%emt 0:01:37] The position is equal.} ({Predecessor:} 11... Bxc5 12. Bxc5 Nxc5 13. O-O Nxd3 14. Qxd3 h6 15. Qe3 Bd7 16. Rad1 Rac8 17. Ne2 Ne7 {1-0 (31) Heimann,A (2590)-Wichmann,C (2305) Dresden 2018}) 12. O-O Nxd3 13. cxd3 Qd8 {[%emt 0:04:46] White must now prevent ...d4.} 14. Qf2 f6 15. Bb6 Qe8 16. exf6 Rxf6 17. Qe3 Bd7 18. g3 Qg6 19. d4 Raf8 20. Ne2 Qh5 21. Rae1 h6 22. Ne5 Nxe5 23. dxe5 R6f7 24. Nd4 Qg4 25. Kg2 Bb5 26. Rf2 (26. Rf3 $1 $14) 26... g5 $11 27. h3 (27. Nxb5 gxf4 28. Qd4 (28. Qf3 Qxf3+ 29. Rxf3 axb5 $15) 28... axb5 $15) 27... gxf4 28. Rxf4 Qg6 {[%emt 0:00:34] ...Rxf4 is the strong threat.} 29. Rg4 (29. Rxf7 $1 $11 {was the only way to keep the balance.} Rxf7 30. Nxb5 axb5 31. Rc1) 29... Bg5 $17 {[%emt 0:00:19] Hoping for ...Bf1+.} 30. Nxb5 axb5 31. h4 $2 (31. Qc1 $17 Kh7 32. Qb1) 31... Rf3 $1 $19 32. Qd4 (32. Qc5 $142 Qf5 33. Qb4) 32... Qc2+ $1 33. Kg1 Qf5 (33... Rd3 $2 34. Qc5 (34. Qb4 $2 Rff3 $19) 34... Qb3 35. Kh2 Rd2+ 36. Kh3 $19) 34. Kh2 {[%emt 0:03:39] [#]} (34. hxg5 $142 Rf1+ 35. Rxf1 Qxf1+ 36. Kh2 Qe2+ 37. Kh3) 34... Rd3 $2 (34... Rc8 $1 $19 35. Re2 (35. Bc5 b6) 35... Rc4 36. hxg5 Rxd4 37. Rxd4 hxg5) 35. Qf4 $17 {[%emt 0:00:00] [#]} Qg6 36. Qb4 {[%emt 0:00:00] [#]} Qh5 ({Better is} 36... Rdf3 $1 $17 {aiming for ...Qc2+.} 37. Rg1 (37. hxg5 $2 Qc2+ 38. Kh3 h5 $19) (37. Qxb5 Qf5 $15) (37. Bc5 R8f7) 37... Qc2+ 38. Rg2 Qf5) 37. Kg2 {[%emt 0:00:17] [#]} (37. Kh3 $11) 37... d4 $2 38. Ree4 $18 Rff3 $2 (38... Rc8 $16 {was called for.} 39. Rxd4 Rxd4 40. Qxd4 Rc4 41. Qd8+ Kf7 42. Qd7+ (42. Rxg5 hxg5 43. Qd7+ Kg8 $11) (42. hxg5 Qxg4 43. Qf6+ Kg8 $11) 42... Be7 43. Rxc4 bxc4) 39. Qe7 $4 {[%emt 0:01:46][%mdl 8192] [#]} (39. hxg5 Rf2+ $3 40. Kxf2 Qh2+ 41. Kf1 Qh1+ 42. Kf2 Rf3+ 43. Ke2 Qf1+ 44. Kd2 Rd3+ 45. Kc2 Qd1#) (39. Rxd4 Rxg3+ 40. Rxg3 Qe2+ 41. Kh3 Qf1+ 42. Kh2 Rxg3 43. Kxg3 Qg1+ 44. Kh3 Qf1+ 45. Kh2 Qf2+ 46. Kh3 Qf1+ 47. Kg3 Qg1+ 48. Kh3 Qf1+ $11) (39. Bxd4 $18 Kh8 40. Bg1 (40. hxg5 Rf1 $16) (40. Qxb5 Bf4 $16)) 39... Rxg3+ $3 $19 40. Kh2 (40. Kh1 Rh3+) 40... Rh3+ (40... Rxg4 41. Qxe6+ Qf7 42. Qxf7+ Kxf7 43. e6+ Ke7 44. Bc5+ Kf6 45. Rxg4 $11) (40... Qxh4+ 41. Rxh4 Bxe7 42. Rxh6 $17) 41. Kg2 {[%emt 0:00:00] [#]} Rdg3+ $3 42. Kf2 Rf3+ (42... Rxg4 43. Qxe6+ Qf7+ 44. Qxf7+ Kxf7 45. Rxg4 Rxh4 46. Rxd4 $17) (42... Qg6 $142 {( -> ...Qf5+)} 43. Qd8+ (43. hxg5 Qf5+ 44. Rgf4 Rh2+ 45. Kf1 Qh3+ 46. Ke1 Rg1+) 43... Bxd8 44. Rxg6+ Rxg6 45. Bxd8 Rh2+ 46. Kf3 Rh3+ 47. Kf2 Rh2+ 48. Kf3 Rh3+ 49. Kf2) 43. Kg2 {[%emt 0:00:24] [#]} Rhg3+ $3 44. Kh2 {[%emt 0:00:11] [#]} Rh3+ $2 ({Not} 44... Rxg4 45. Qxe6+ Kh7 46. Rxg4 $11) (44... Qxh4+ $1 $19 45. Rxh4 Bxe7 46. Rhg4+ Rxg4 47. Rxg4+ Kf7) 45. Kg2 $11 Rhg3+ $2 $40 {[%emt 0:00:20][%mdl 8320] Black mounts an attack.} 46. Kh2 $1 $19 {[%emt 0:00:05] [#] White is on the road to losing.} Qxh4+ 47. Rxh4 Bxe7 {[%emt 0:00:06] Really sharp!} 48. Rhg4+ Rxg4 49. Rxg4+ {[%emt 0:00:06][%mdl 4096] Endgame KRB-KRB} Kf7 {[%emt 0:00:38] Threatens to win with ...Rf2+.} 50. Bxd4 (50. Rxd4 $17 {was worth a try.} Rf2+ 51. Kg3 Rxb2 52. Rd7) 50... h5 51. Re4 (51. Rg2 $142) 51... Kg6 52. Re2 Rd3 53. Bf2 Kf5 {[%emt 0:00:21] Strongly threatening ...Bg5.} 54. Kg2 $2 (54. Be3) 54... Bg5 {[%emt 0:00:25] Black is clearly winning.} 55. Bg3 h4 56. Bh2 h3+ 57. Kf1 Rd1+ 58. Kf2 Rd2 59. Rxd2 Bxd2 60. Kf3 Bc1 61. b3 Bb2 {[%emt 0:00:18] Weighted Error Value: White=0.56/Black=0.39} 0-1